 Dungeon Crawl Stone Soup version 0.22.1-1-ga44c0e5 (webtiles) character file.

864 thomasnlv21 the Chopper (level 7, -14/70 HPs)
             Began as a Minotaur Berserker on Nov 2, 2018.
             Was a Priest of Trog.
             Demolished by a mummy (15 damage)
             ... in an ossuary.
             The game lasted 00:19:51 (4230 turns).

thomasnlv21 the Chopper (Minotaur Berserker)        Turns: 4230, Time: 00:19:52

Health: -14/70     AC:  8    Str: 24    XL:     7   Next: 72%
Magic:  6/6        EV: 13    Int:  6    God:    Trog [***...]
Gold:   265        SH:  0    Dex:  9    Spells: 6/6 levels left

rFire    . . .     SeeInvis .   t - +3 halberd (vamp)
rCold    . . .     Gourm    +   (shield currently unavailable)
rNeg     . . .     Faith    .   d - +0 ring mail
rPois    .         Spirit   .   (helmet restricted)
rElec    .         Reflect  .   (no cloak)
rCorr    .         Harm     .   f - +1 pair of gloves
MR       .....                  (no boots)
Stlth    ..........             j - amulet of the gourmand
HPRegen  0.21/turn              (no ring)
MPRegen  0.10/turn              (no ring)

@: berserk cooldown, very slightly contaminated, slowed, very slow
A: retaliatory headbutt, horns 2, clever 1, robust 1
a: Berserk, Trog's Hand, Renounce Religion


You were in an ossuary.
You worshipped Trog.
Trog was most pleased with you.
You were not hungry.

You visited 1 branch of the dungeon, and saw 5 of its levels.
You also visited: Ossuary.

You collected 265 gold pieces.

Inventory:

Hand Weapons
 a - a +0 hand axe
 t - a +3 vampiric halberd (weapon)
Missiles
 m - 6 bolts
 q - 17 poisoned needles
Armour
 b - a +0 animal skin
 d - a +0 ring mail (worn)
 f - a +1 pair of gloves (worn)
Jewellery
 h - an uncursed amulet of guardian spirit
 j - an amulet of the gourmand (around neck)
Scrolls
 e - a scroll of immolation
 g - a scroll of amnesia
 i - a scroll of identify
 k - a scroll of teleportation
 l - a scroll of remove curse
Potions
 n - 2 potions of curing
 p - a potion of cancellation
Comestibles
 c - 7 rations


   Skills:
 + Level 6.5 Fighting
 + Level 6.7 Axes
 + Level 5.5 Armour
 + Level 4.7 Dodging
 - Level 0.3 Stealth


You had 6 spell levels left.
You didn't know any spells.
Your spell library was empty.

Dungeon Overview and Level Annotations

Branches:
Dungeon (5/15)
 Temple: D:4-7

Altars:
Ashenzari
Kikubaaqudgha
Makhleb
Nemelex Xobeh
Trog
Uskayaw


Innate Abilities, Weirdness & Mutations

You reflexively headbutt those who attack you in melee.
You have a pair of horns on your head.
Your mind is acute. (Int +2)
You are robust. (+10% HP)


Message History

Trog accepts your kill.
The kobold zombie hits you but does no damage.
The mummy misses you. The mummy closely misses you.
The mummy hits you but does no damage.
You impale the mummy!!
You destroy the mummy!
Trog accepts your kill. The kobold zombie hits you.
* * * LOW HITPOINT WARNING * * *
The mummy closely misses you. The mummy hits you!
* * * LOW HITPOINT WARNING * * *
The hobgoblin zombie hits you.
* * * LOW HITPOINT WARNING * * *
The kobold zombie closely misses you. You furiously retaliate!
You headbutt the kobold zombie, but do no damage.
You slash the kobold zombie!
You destroy the kobold zombie!
Trog accepts your kill. The hobgoblin zombie misses you. The mummy hits you!
You die...

######## ##......
##...... ###
#...... #..##
#.....##....#
#....@.Z.........
##..MZM.........
##...MZ.......
#+##........
#...... #....#
#....# #....#
#....#


You could see 3 mummies, a hobgoblin zombie, a gnoll zombie and a big kobold
zombie.

Vanquished Creatures
  An ice beast (D:5)
  An ogre (D:2)
  3 vampire bats (D:3)
  2 orc priests
  A centaur skeleton (D:3)
  A hound (D:4)
  2 human skeletons (D:5)
  An orc wizard (D:3)
  An iguana (D:4)
  2 worker ants (D:4)
  3 mummies (Ossuary)
  8 adders
  7 gnolls
  3 oozes
  4 worms
  A dart slug (D:2)
  A leopard gecko (D:4)
  10 orcs
  3 bat skeletons (D:3)
  3 bat zombies (D:3)
  4 giant cockroaches
  8 goblins
  6 hobgoblins
  4 jackals (D:3)
  7 kobolds
  A quokka (D:3)
  A ball python (D:2)
  8 bats
  4 frilled lizards
  A gnoll zombie (Ossuary)
  A hobgoblin zombie (Ossuary)
  A kobold zombie (Ossuary)
  2 orc zombies (Ossuary)
  4 rats
110 creatures vanquished.

Notes
Turn   | Place    | Note
-------+----------+-------------------------------------------
     0 | D:1      | thomasnlv21 the Minotaur Berserker began the quest for the
                  | Orb.
     0 | D:1      | Reached XP level 1. HP: 19/19 MP: 0/0
    10 | D:1      | Noticed an electric eel
   359 | D:1      | Reached XP level 2. HP: 27/27 MP: 1/1
  1056 | D:2      | Noticed an ogre
  1062 | D:2      | Killed an ogre
  1062 | D:2      | Reached XP level 3. HP: 35/35 MP: 2/2
  1062 | D:2      | Reached XP level 4. HP: 41/41 MP: 3/3
  1198 | D:2      | Reached ** piety under Trog
  1198 | D:2      | Reached skill level 5 in Axes
  1286 | D:2      | Reached XP level 5. HP: 41/47 MP: 4/4
  1337 | D:2      | Found a sparkling altar of Nemelex Xobeh.
  1665 | D:2      | Reached skill level 5 in Fighting
  1758 | D:2      | Found a shattered altar of Ashenzari.
  2395 | D:3      | Reached XP level 6. HP: 44/56 MP: 5/5
  2981 | D:3      | Found an ancient bone altar of Kikubaaqudgha.
  2984 | D:3      | Reached *** piety under Trog
  3364 | D:4      | Found a hide-covered altar of Uskayaw.
  3479 | D:4      | Reached XP level 7. HP: 62/62 MP: 6/6
  3529 | D:4      | Found a burning altar of Makhleb.
  3735 | D:4      | Gained mutation: Your mind is acute. (Int +2) [potion of
                  | mutation]
  3735 | D:4      | Gained mutation: You are robust. (+10% HP) [potion of
                  | mutation]
  3822 | D:4      | Reached skill level 5 in Armour
  4099 | D:5      | Entered Level 5 of the Dungeon
  4142 | D:5      | Found a bloodstained altar of Trog.
  4196 | D:5      | Found a sand-covered staircase.
  4207 | Ossuary  | Entered an ossuary
  4229 | Ossuary  | HP: 2/70 [mummy (15)]
  4230 | Ossuary  | Demolished by a mummy

Skill      XL: |  1  2  3  4  5  6  7 |
---------------+----------------------+-----
Axes           | 4 5 6 |  6.7
Fighting       | 4 5 6 |  6.5
Armour         | 3 4 5 |  5.5
Dodging        | 3 4 |  4.7
Stealth        | |  0.3

Action                   |  1- 3 |  4- 6 |  7- 9 || total
-------------------------+-------+-------+-------++-------
Melee: Hand axe          |    43 |   132 |    11 ||   186
       Headbutt          |     8 |    26 |    15 ||    49
       Halberd           |       |       |    44 ||    44
Invok: Berserk           |     2 |     3 |     1 ||     6
  Use: Scroll            |     4 |     5 |     3 ||    12
       Potion            |     1 |     3 |     2 ||     6
  Eat: Chunk             |     1 |    22 |     4 ||    27
Armor: Ring mail         |    19 |    55 |    21 ||    95
       Animal skin       |     1 |       |       ||     1
Dodge: Dodged            |    44 |    97 |    61 ||   202
